 Dungeon Crawl Stone Soup version 0.23.2-1-ga50397a6bc (webtiles) character file.

Game seed: 6647477205574660403

58 Hanswurst the Chopper (level 4, 0/38 HPs)
             Began as a Hill Orc Warper on May 15, 2019.
             Succumbed to an orc's poison
             ... on level 2 of the Dungeon.
             The game lasted 00:07:55 (1737 turns).

Hanswurst the Chopper (Hill Orc Warper)             Turns: 1737, Time: 00:07:56

Health: 0/38       AC:  8    Str: 14    XL:     4   Next: 2%
Magic:  6/6        EV: 11    Int: 13    God:
Gold:   148        SH:  0    Dex: 10    Spells: 6/6 levels left

rFire    . . .     SeeInvis .   a - +0 hand axe
rCold    . . .     Gourm    .   (no shield)
rNeg     . . .     Faith    .   g - +0 ring mail
rPois    .         Spirit   .   q - +2 hat
rElec    .         Reflect  .   (no cloak)
rCorr    .         Harm     .   (no gloves)
MR       .....                  j - +0 pair of boots
Stlth    +.........             (no amulet)
HPRegen  0.12/turn              (no ring)
MPRegen  0.10/turn              (no ring)

@: lethally poisoned (0 -> -22)
A: no striking features
a: no special abilities


You were on level 2 of the Dungeon.
You were hungry.

You visited 1 branch of the dungeon, and saw 3 of its levels.

You collected 148 gold pieces.

Inventory:

Hand Weapons
 a - a +0 hand axe (weapon)
 k - a +0 hand axe
 v - a +0 falchion
Missiles
 e - 5 tomahawks of dispersal (quivered)
Armour
 b - a +0 leather armour
 g - a +0 ring mail (worn)
 j - a +0 pair of boots (worn)
 q - a +2 hat (worn)
Jewellery
 l - an uncursed ring of protection from fire {unknown}
 u - an uncursed ring of resist corrosion {unknown}
Scrolls
 c - a scroll of remove curse {unknown}
 d - a scroll of blinking
 i - a scroll of random uselessness {unknown}
 n - 2 scrolls of amnesia {unknown}
 p - a scroll of enchant weapon {unknown}
 r - a scroll of identify {unknown}
 s - a scroll of fog {unknown}
Potions
 h - 4 potions of curing {unknown}
 m - a potion of cancellation {unknown}
 o - a potion of might {unknown}
Comestibles
 f - 8 rations


   Skills:
 + Level 3.3 Fighting
 + Level 4.0 Axes
 + Level 0.8 Throwing
 + Level 1.5 Armour
 + Level 2.0 Dodging
 + Level 0.3 Stealth
 + Level 1.6 Spellcasting
   Level 2.4 Translocations


You had 6 spell levels left.
You didn't know any spells.
Your spell library contained the following spells:

 Spells                   Type           Power        Failure   Level  Hunger
 Apportation              Tloc           #.....       21%         1    ##.....
 Blink                    Tloc           N/A          30%         2    ###....
 Shroud of Golubria       Chrm/Tloc      #.........   45%         2    ###....
 Animate Skeleton         Necr           N/A          50%         1    ##.....
 Confusing Touch          Hex            #.....       50%         1    ##.....
 Summon Small Mammal      Summ           #...         50%         1    ##.....
 Gell's Gravitas          Tloc           #.........   52%         3    ####...
 Lesser Beckoning         Tloc           #.........   52%         3    ####...
 Teleport Other           Tloc           #.......     52%         3    ####...
 Passage of Golubria      Tloc           N/A          90%         4    #####..


Dungeon Overview and Level Annotations

Branches:
Dungeon (3/15)

Altars:
Gozag


Message History

You hit the orc but do no damage.
The orc is almost dead.
* * * LOW HITPOINT WARNING * * *
You feel sick. The orc hits you but does no damage.
You are more poisoned.
You completely miss the orc.
The orc is almost dead.
* * * LOW HITPOINT WARNING * * *
You feel very sick.
The orc hits you with a +1 war axe of venom.
* * * LOW HITPOINT WARNING * * *
You hit the orc.
You kill the orc!
You have reached level 4!
* * * LOW HITPOINT WARNING * * *
You feel sick.
* * * LOW HITPOINT WARNING * * *
You feel sick. The frilled lizard closely misses you.
You climb upwards.
You die...

..##.#....##.###.# ##.#
..##.#######..##.# #.#
...........#..##.# #.#
.......###.#...#.# #.#
.......###.#.#.#.# #.#
...............#.# #.#
.................# #.#
..............#..# #.#
..............#l@# #.#
.......#####.##### #.####
.......# #.###########....#
.......# #.##8..#.........#
.......# #..#_............#
.......#####..#8..#........##
..............#####.......##
..........................#
..........................#


You could see a frilled lizard.

Vanquished Creatures
  An adder (D:2)
  An ooze (D:1)
  A worm (D:2)
  3 dart slugs (D:1)
  A leopard gecko (D:1)
  2 orcs (D:3)
  A bat (D:1)
  2 giant cockroaches (D:1)
  3 hobgoblins
  8 jackals
  2 frilled lizards (D:2)
  2 goblins
  2 kobolds
  3 rats
32 creatures vanquished.

Notes
Turn   | Place    | Note
-------+----------+-------------------------------------------
     0 | D:1      | Hanswurst the Hill Orc Warper began the quest for the Orb.
     0 | D:1      | Reached XP level 1. HP: 18/18 MP: 3/3
   119 | D:1      | Reached skill level 3 in Axes
   133 | D:1      | Reached XP level 2. HP: 23/25 MP: 4/4
   319 | D:1      | Reached XP level 3. HP: 23/31 MP: 5/5
  1093 | D:2      | Found an opulent altar of Gozag.
  1727 | D:3      | Reached skill level 4 in Axes
  1735 | D:3      | Reached XP level 4. HP: 7/38 MP: 6/6
  1737 | D:2      | Succumbed to an orc's poison

Skill      XL: |  1  2  3 |
---------------+----------+-----
Axes           | 3 4 |  4.0
Fighting       | 3 |  3.3
Dodging        | 2 |  2.0
Throwing       | |  0.8
Armour         | |  1.5
Stealth        | |  0.3
Spellcasting   | |  1.6
Translocations | |  2.4

Action                   |  1- 3 |  4- 6 || total
-------------------------+-------+-------++-------
Melee: Hand axe          |   142 |       ||   142
  Eat: Chunk             |     2 |       ||     2
Armor: Ring mail         |    59 |       ||    59
Dodge: Dodged            |    81 |     1 ||    82
